 Dungeon Crawl Stone Soup version 0.30-a0-341-g682706514a (webtiles) character file.

Game seed: 7190269429697942185

927 Lobster4 the Magician (level 7, -4/38 HPs)
             Began as a Deep Elf Hedge Wizard on Nov 3, 2022.
             Shot with an arrow by a centaur (9 damage)
             ... on level 8 of the Dungeon.
             The game lasted 00:18:12 (5278 turns).

Lobster4 the Magician (Deep Elf Hedge Wizard)       Turns: 5278, Time: 00:18:13

Health: -4/38      AC:  4    Str:  4    XL:     7   Next: 85%
Magic:  12/18      EV: 13    Int: 27    God:
Gold:   384        SH:  0    Dex: 14    Spells: 12/18 levels left

rFire   + + .      SeeInvis .    w - staff of conjuration
rCold   + . .      Faith    .    (no shield)
rNeg    . . .      Spirit   .    H - +0 robe
rPois   .          Reflect  .    c - +0 hat
rElec   .          Harm     .    (no cloak)
rCorr   .          Rampage  .    m - +1 pair of gloves
Will    +....                    (no boots)
Stlth   +++.......               (no amulet)
HPRegen 0.26/turn                u - +4 ring of slaying
MPRegen 0.16/turn                f - ring of Kuer {rF++ rC+ Will+ Str-3 Int+6}

@: about to teleport
A: no striking features
a: no special abilities


You were on level 8 of the Dungeon.
You visited 1 branch of the dungeon, and saw 6 of its levels.

You collected 384 gold pieces.

Inventory:

Hand Weapons
 a - a +0 rapier
 b - a +0 sling
 e - a +0 short sword
 t - a +0 quarterstaff
 y - a +3 hand axe
 z - a +0 dagger of holy wrath
Missiles
 j - 42 stones
 k - 4 atropa-tipped darts
 o - 4 poisoned darts (quivered)
 F - 2 throwing nets
Armour
 c - a +0 hat (worn)
 m - a +1 pair of gloves (worn)
 H - a +0 robe (worn)
 I - a +0 leather armour
Magical Staves
 w - a staff of conjuration (weapon)
Jewellery
 f - the ring of Kuer (right hand) {rF++ rC+ Will+ Str-3 Int+6}
   (You acquired it on level 4 of the Dungeon)

   [ring of intelligence]

   Str:       It affects your strength (-3).
   Int:       It affects your intelligence (+6).
   rF:        It greatly protects you from fire.
   rC:        It protects you from cold.
   Will:      It increases your willpower.
 u - a +4 ring of slaying (left hand)
Wands
 i - a wand of roots (11)
Scrolls
 p - a scroll of enchant armour
 B - a scroll of enchant weapon {unknown}
Potions
 d - a potion of magic
 h - 2 potions of heal wounds
 n - 3 potions of lignification {unknown}
 q - 2 potions of cancellation {unknown}
 r - 3 potions of curing {unknown}
 s - a potion of resistance
 v - a potion of attraction
 A - 2 potions of haste {unknown}


   Skills:
 - Level 1.0 Fighting
 - Level 1.0 Short Blades
 - Level 1.0 Staves
 - Level 1.0 Throwing
 + Level 2.1 Armour
 + Level 4.4 Dodging
 + Level 4.4 Stealth
 + Level 6.0 Spellcasting
 + Level 3.2 Conjurations
 + Level 2.9 Hexes
 - Level 3.0 Summonings
 - Level 3.0 Translocations
 + Level 2.6 Evocations


You had 12 spell levels left.
You knew the following spells:

 Your Spells              Type           Power      Damage    Failure   Level
a - Magic Dart            Conj           100%       1d8       1%          1
b - Slow                  Hex            92%        N/A       1%          1
c - Call Imp              Summ           24%        N/A       2%          2
d - Blink                 Tloc           48%        N/A       2%          2

Your spell library contained the following spells:

 Spells                   Type           Power      Damage    Failure   Level
 Necrotise                Necr           32%        1d5       6%          1
 Cigotuvi's Dreadful Rot  Necr/Pois/Air  16%        N/A       10%         2
 Mephitic Cloud           Conj/Pois/Air  20%        N/A       13%         3
 Frozen Ramparts          Ice            16%        1d3       19%         3
 Vampiric Draining        Necr           8%         2d6       19%         3
 Summon Ice Beast         Ice/Summ       16%        N/A       34%         4
 Ice Form                 Ice/Tmut       8%         N/A       54%         4
 Agony                    Necr           8%         N/A       87%         5
 Borgnjor's Revivificati  Necr           4%         N/A       100%        8
 Necromutation            Tmut/Necr      4%         N/A       100%        8
 Death's Door             Necr           4%         N/A       100%        9


Dungeon Overview and Level Annotations

Branches:
Dungeon (8/15)
 Temple: D:4-7         Lair: D:8-11

Altars:
Gozag

Shops:
D:1 =   D:4 (

Annotations:
D:3 2 runed translucent doors, gabagool's ghost, amateur DgGl
D:5 exclusion: ice beast


Message History

The wight hits your yak with a +5 hand axe!
Your yak dies!
Your yak's corpse dissolves into shadows!
The wight hits your necrophage with a +5 hand axe.
Your necrophage is destroyed!
Your necrophage's corpse dissolves into shadows!
Your crimson imp hits the wight but does no damage.
The wight hits your crimson imp with a +5 hand axe!
Your crimson imp barely misses the wight.
The wight misses your crimson imp.
As you read the scroll labelled UTUEDWUH NIXTA, it crumbles to dust.
You assume a fearsome visage.
The wight is unaffected.
It was a scroll of fear.
Your crimson imp misses the wight.
The wight closely misses your crimson imp.
As you read the scroll labelled NULO YTUGG, it crumbles to dust.
You feel strangely unstable.
It was a scroll of teleportation.
Your crimson imp hits the wight but does no damage.
The wight hits your crimson imp with a +5 hand axe!
Your crimson imp dies!
Your crimson imp disappears in a puff of smoke!
Casting: Magic Dart (safe; 1% risk of failure)
Confirm with . or Enter, or press ? or * to list all spells.
Aiming: Magic Dart (safe; 1% risk of failure)
Press: ? - help, Shift-Dir - straight line, f - wight
Aim: a wight, wielding a +5 hand axe and wearing a +0 robe (almost destroyed, 100% to hit)
You feel a surge of power!
The magic dart hits the wight but does no damage.
The wight is almost destroyed.
Casting: Magic Dart (safe; 1% risk of failure)
Confirm with . or Enter, or press ? or * to list all spells.
Aiming: Magic Dart (safe; 1% risk of failure)
Press: ? - help, Shift-Dir - straight line, f - centaur
Aim: a centaur, wielding a +0 shortbow (purple smoke, 100% to hit)
You feel a surge of power!
The magic dart hits the centaur.
The centaur is lightly wounded.
The centaur shoots an arrow.
The arrow hits you!
* * * LOW HITPOINT WARNING * * *
The centaur shoots an arrow.
The arrow closely misses you.
The centaur shoots an arrow.
The arrow hits you!
You die...

#### ..# #####
#.###...##
...#c##.##.....#
.....z)zc>..†..#########
##.#.c#.##.....@†......#
....
#.###..)########.####
##.. ..# ##### #..5.# ##
.### ####F# #. #F# # #.#
#.# ####g#### #.......#


You could see a centaur.

Vanquished Creatures
  Menkaure (D:4)
  A phantom (D:5)
  A bullfrog (D:8)
  A hound (D:4)
  A jelly (D:5)
  A gnoll bouda (D:5)
  A gnoll (D:5)
  8 adders
  A dart slug (D:3)
  2 orcs
  A bat (D:3)
  5 endoplasms
  2 giant cockroaches
  6 goblins
  5 hobgoblins
  2 jackals (D:1)
  4 kobolds (D:1)
  4 quokkas
  A ball python (D:2)
  A frilled lizard (D:1)
  2 rats
51 creatures vanquished.

Vanquished Creatures (collateral kills)
  A black bear (D:3)
  A bullfrog (D:8)
  3 wights (D:8)
  An iguana (D:4)
  Ijyb (D:3)
  7 gnolls
  An adder (D:3)
  4 orcs
  3 goblins (D:3)
  A kobold (D:3)
23 creatures vanquished.

Vanquished Creatures (others)
  4 fungi (D:8)
  11 plants (D:8)
15 creatures vanquished.

Grand Total: 89 creatures vanquished

Notes
Turn   | Place    | Note
-------+----------+-------------------------------------------
     0 | D:1      | Lobster4 the Deep Elf Hedge Wizard began the quest for the
                  | Orb.
     0 | D:1      | Reached XP level 1. HP: 10/10 MP: 7/7
   243 | D:1      | Found a faded altar of an unknown god.
   373 | D:1      | Reached XP level 2. HP: 15/15 MP: 4/9
   636 | D:1      | Found Vihud's One-of-a-Kind Rings.
  1099 | D:2      | Learned a level 2 spell: Call Imp
  1101 | D:2      | Learned a level 1 spell: Slow
  1104 | D:2      | Learned a level 2 spell: Blink
  1846 | D:3      | Reached XP level 3. HP: 19/19 MP: 6/11
  1953 | D:3      | Found an opulent altar of Gozag.
  2628 | D:3      | Found a large runed translucent door.
  2629 | D:3      | Found a large runed translucent door.
  2635 | D:3      | Noticed gabagool's ghost (amateur DgGl)
  2693 | D:3      | Noticed a black bear
  2875 | D:3      | Reached XP level 4. HP: 24/24 MP: 7/12
  2947 | D:3      | Noticed Ijyb
  2995 | D:3      | Killed Ijyb
  2996 | D:3      | Reached skill level 5 in Spellcasting
  3223 | D:3      | Killed a black bear
  3224 | D:3      | Reached skill level 1 in Short Blades
  3224 | D:3      | Reached skill level 1 in Armour
  3224 | D:3      | Reached skill level 1 in Hexes
  3224 | D:3      | Reached XP level 5. HP: 28/28 MP: 12/14
  3548 | D:4      | Noticed Menkaure
  3642 | D:4      | Identified a scroll of acquirement
  3642 | D:4      | Acquired the ring of Kuer {rF++ rC+ Will+ Str-3 Int+6}
  3707 | D:4      | Reached XP level 6. HP: 7/33 MP: 5/15
  3929 | D:4      | Killed Menkaure
  3930 | D:4      | Reached skill level 1 in Fighting
  3930 | D:4      | Reached skill level 1 in Staves
  3930 | D:4      | Reached skill level 1 in Throwing
  3930 | D:4      | Reached skill level 1 in Evocations
  4233 | D:4      | Found Soutyxt's Weapon Boutique.
  4521 | D:5      | Entered Level 5 of the Dungeon
  4568 | D:5      | Noticed an ice beast
  4678 | D:5      | Reached XP level 7. HP: 37/38 MP: 9/17
  5058 | D:5      | You fall into a shaft and drop 3 floors!
  5265 | D:8      | Reached skill level 6 in Spellcasting
  5278 | D:8      | Shot with an arrow by a centaur

Illustrated notes

Levels and vault maps discovered:
D:1:      dpeg_arrival_windows_large_door, layout_loops_ring,
          hellmonk_ecumenical_altar_pennies_from_heaven,
          hangedman_decor_slide_cut, nicolae_concentric_dashed_squares_wild,
          nicolae_shop_unique_rings
D:2:      layout_rooms
D:3:      kennysheep_the_goblin_king, layout_basic,
          lemuel_coloured_pillars_altar, ebering_ghost_disaster_area,
          mrwooster_statue_mirror, st_stairs_5
D:4:      layout_cave_pods, serial_shops,
          nicolae_shop_competitors_out_of_business, uniq_menkaure
D:5:      layout_loops_ring, nicolae_sextant
D:8:      layout_loops_cross, grunt_temple_overflow_diamond,
          grunt_lair_entry_orc_guard_hut

Skill      XL: |  1  2  3  4  5  6  7 |
---------------+----------------------+-----
Dodging        | 3 4 |  4.4
Stealth        | 3 4 |  4.4
Spellcasting   | 5 6 |  6.0
Short Blades   | 1 |  1.0
Armour         | 1 2 |  2.1
Conjurations   | 2 3 |  3.2
Hexes          | 1 2 |  2.9
Summonings     | 2 3 |  3.0
Translocations | 2 3 |  3.0
Fighting       | 1 |  1.0
Staves         | 1 |  1.0
Throwing       | 1 |  1.0
Evocations     | 1 2 |  2.6

Action                   |  1- 3 |  4- 6 |  7- 9 || total
-------------------------+-------+-------+-------++-------
Melee: Dagger            |     1 |       |       ||     1
       Rapier            |     7 |       |       ||     7
Throw: Dart              |       |     3 |       ||     3
 Cast: Magic Dart        |    85 |    71 |    28 ||   184
       Call Imp          |     4 |    11 |     8 ||    23
       Slow              |       |     1 |     1 ||     2
  Use: Scroll            |       |     5 |     8 ||    13
 Stab: Sleeping          |     1 |       |       ||     1
Armor: Robe              |    10 |     4 |     1 ||    15
Dodge: Dodged            |    21 |    19 |    16 ||    56

Table legend: (Time is in decaauts)
 A = Elapsed time spent in this place.
 B = Non-inter-level travel time spent in this place.
 C = Inter-level travel time spent in this place.
 D = Time resting spent in this place.
 E = Time spent auto-exploring this place.
 F = Levels seen in this place.
 G = Mean time per level.
                   A        B        C        D        E       F      G
               +--------+--------+--------+--------+--------+-----+--------+
         Total |   5276 |   5118 |    158 |    731 |   3449 |   6 |  879.3 |
       Dungeon |   5276 |   5118 |    158 |    731 |   3449 |   6 |  879.3 |
               +--------+--------+--------+--------+--------+-----+--------+

Top non-repeatable levels by time:
     D:3: 1658 daAuts
     D:4: 1154 daAuts
     D:1: 1048 daAuts
     D:2: 659 daAuts
     D:5: 536 daAuts
     D:8: 219 daAuts
